 Dungeon Crawl Stone Soup version 0.23-a0-681-g26ad783 (webtiles) character file.

595 gruber the Charmwright (level 7, -16/56 HPs)
             Began as a Gnoll Skald on Jan 10, 2019.
             Demolished by an ogre
             ... wielding a +0 giant club
              (26 damage)
             ... on level 5 of the Dungeon.
             The game lasted 00:04:55 (3528 turns).

gruber the Charmwright (Gnoll Skald)                Turns: 3528, Time: 00:04:57

Health: -16/56     AC:  4    Str: 13    XL:     7   Next: 40%
Magic:  8/15       EV: 14    Int: 18    God:
Gold:   146        SH:  0    Dex: 14    Spells: 8/17 levels left

rFire    . . .     SeeInvis .   a - +0 spear
rCold    . . .     Gourm    .   (no shield)
rNeg     . . .     Faith    .   b - +0 leather armour
rPois    .         Spirit   .   (no helmet)
rElec    .         Reflect  .   (no cloak)
rCorr    +         Harm     .   (no gloves)
MR       .....                  f - +0 pair of boots
Stlth    ++........             (no amulet)
HPRegen  0.18/turn              o - ring of resist corrosion
MPRegen  0.14/turn              (no ring)

@: very slightly contaminated
A: distributed training, fangs 1, strong nose
a: no special abilities


You were on level 5 of the Dungeon.
You were not hungry.

You visited 1 branch of the dungeon, and saw 5 of its levels.

You collected 146 gold pieces.

Inventory:

Hand Weapons
 a - a +0 spear (weapon)
Armour
 b - a +0 leather armour (worn)
 f - a +0 pair of boots (worn)
Jewellery
 o - a ring of resist corrosion (left hand)
Wands
 p - a wand of digging (6)
Scrolls
 c - 3 scrolls of identify {unknown}
 e - a scroll of random uselessness {unknown}
 g - a scroll of enchant armour {unknown}
 i - a scroll of amnesia {unknown}
 k - a scroll of fear {unknown}
 m - 2 scrolls of magic mapping {unknown}
 n - 2 scrolls of fog {unknown}
 s - a scroll of remove curse {unknown}
 u - a scroll of teleportation {unknown}
Potions
 h - a potion of ambrosia {unknown}
 j - a potion of resistance {unknown}
 l - a potion of degeneration {unknown}
 q - a potion of lignification {unknown}
 r - 2 potions of curing {unknown}
 t - a potion of mutation {unknown}
 v - 2 potions of magic {unknown}
Comestibles
 d - 8 rations
 w - a chunk of flesh


   Skills:
 + Level 5.2 Fighting
 + Level 2.4 Short Blades
 + Level 2.4 Long Blades
 + Level 2.4 Axes
 + Level 2.4 Maces & Flails
 + Level 5.2 Polearms
 + Level 2.4 Staves
 + Level 2.4 Slings
 + Level 2.4 Bows
 + Level 2.4 Crossbows
 + Level 2.4 Throwing
 + Level 3.5 Armour
 + Level 5.2 Dodging
 + Level 2.4 Stealth
 + Level 2.4 Shields
 + Level 2.4 Unarmed Combat
 + Level 5.6 Spellcasting
 + Level 2.0 Conjurations
 + Level 2.0 Hexes
 + Level 5.8 Charms
 + Level 2.0 Summonings
 + Level 2.0 Necromancy
 + Level 2.0 Translocations
 + Level 2.0 Transmutations
 + Level 2.0 Fire Magic
 + Level 2.0 Ice Magic
 + Level 2.0 Air Magic
 + Level 2.0 Earth Magic
 + Level 2.0 Poison Magic
 + Level 2.6 Invocations
 + Level 2.4 Evocations


You had 8 spell levels left.
You knew the following spells:

 Your Spells              Type           Power        Failure   Level  Hunger
a - Infusion              Chrm           ####         1%          1    None
b - Shroud of Golubria    Chrm/Tloc      ###.......   4%          2    None
c - Regeneration          Chrm/Necr      ###.......   10%         3    ##.....
d - Spectral Weapon       Hex/Chrm       ###.....     10%         3    ##.....

Your spell library contained the following spells:

 Spells                   Type           Power        Failure   Level  Hunger
 Song of Slaying          Chrm           ####....     2%          2    None
 Magic Dart               Conj           ##..         7%          1    None
 Searing Ray              Conj           ##....       11%         2    None
 Dazzling Spray           Conj/Hex       ##....       21%         3    ##.....
 Force Lance              Conj/Tloc      ##......     56%         4    ####...
 Fulminant Prism          Conj/Hex       ##........   56%         4    ####...
 Iskenderun's Mystic Bla  Conj           ##......     56%         4    ####...


Dungeon Overview and Level Annotations

Branches:
Dungeon (5/15)
 Temple: D:4-7

Altars:
Fedhas
Hepliaklqana
Nemelex Xobeh


Innate Abilities, Weirdness & Mutations

Your experience applies equally to all skills.
You have very sharp teeth.
Your uncanny sense of smell can sniff out nearby items.


Message History

You are too injured to fight recklessly!
Unknown command.
You closely miss the ogre.
Your spectral weapon hits the ogre.
The ogre misses you. The crimson imp misses you.
You barely miss the ogre.
The ogre is lightly wounded.
Your spectral weapon hits the ogre.
The ogre hits you with a +0 giant club!!
* * * LOW HITPOINT WARNING * * *
You hit the ogre.
The ogre is moderately wounded.
Your spectral weapon barely misses the ogre.
The crimson imp blinks!
You hit the ogre but do no damage.
The ogre is moderately wounded.
Your spectral weapon hits the ogre.
The crimson imp hits your spectral weapon but does no damage.
The orc barely misses you.
The ogre hits you with a +0 giant club!!
You die...

#...........#o##.#
#
#...........#.##.#
#
#...........#.##.#
#
#...........#.##.#
#
#...........#.##.#
#
#######.....o....#
# #.##+##.####
#o##.##.#
#@O(5##.#
####.##.# .... #.#
.#


You could see an ogre, a crimson imp, an orc and a friendly spectral +0 spear.

Vanquished Creatures
  An ogre (D:3)
  A scorpion (D:4)
  A howler monkey (D:5)
  A crimson imp (D:5)
  2 hounds
  An orc wizard (D:4)
  Terence (D:2)
  3 worker ants (D:4)
  A hound zombie (D:5)
  A howler monkey skeleton (D:5)
  5 adders
  An ooze (D:2)
  An adder skeleton (D:4)
  4 worms
  A dart slug (D:1)
  5 leopard geckos
  3 orcs (D:4)
  8 giant cockroaches
  7 goblins
  11 hobgoblins
  13 jackals
  11 kobolds
  A quokka (D:4)
  5 ball pythons (D:3)
  6 bats
  9 frilled lizards
  A leopard gecko skeleton (D:4)
  11 rats
116 creatures vanquished.

Vanquished Creatures (others)
  A plant (D:3)
  A spectral weapon (D:5)
2 creatures vanquished.

Grand Total: 118 creatures vanquished

Notes
Turn   | Place    | Note
-------+----------+-------------------------------------------
     0 | D:1      | gruber the Gnoll Skald began the quest for the Orb.
     0 | D:1      | Reached XP level 1. HP: 20/20 MP: 6/6
   164 | D:1      | Reached XP level 2. HP: 26/26 MP: 7/7
   186 | D:1      | Learned a level 2 spell: Shroud of Golubria
   295 | D:1      | Reached XP level 3. HP: 24/31 MP: 5/9
   338 | D:1      | Reached skill level 5 in Spellcasting
   626 | D:2      | Reached skill level 1 in Invocations
   820 | D:2      | Reached skill level 1 in Short Blades
   820 | D:2      | Reached skill level 1 in Long Blades
   820 | D:2      | Reached skill level 1 in Axes
   820 | D:2      | Reached skill level 1 in Maces & Flails
   820 | D:2      | Reached skill level 1 in Staves
   820 | D:2      | Reached skill level 1 in Slings
   820 | D:2      | Reached skill level 1 in Bows
   820 | D:2      | Reached skill level 1 in Crossbows
   820 | D:2      | Reached skill level 1 in Throwing
   820 | D:2      | Reached skill level 1 in Stealth
   820 | D:2      | Reached skill level 1 in Shields
   820 | D:2      | Reached skill level 1 in Unarmed Combat
   820 | D:2      | Reached skill level 1 in Evocations
   828 | D:2      | Reached XP level 4. HP: 32/38 MP: 11/11
   980 | D:2      | Learned a level 3 spell: Regeneration
   984 | D:2      | Learned a level 3 spell: Spectral Weapon
   999 | D:2      | Noticed Terence
  1008 | D:2      | Killed Terence
  1008 | D:2      | Reached skill level 1 in Conjurations
  1008 | D:2      | Reached skill level 1 in Hexes
  1008 | D:2      | Reached skill level 1 in Summonings
  1008 | D:2      | Reached skill level 1 in Necromancy
  1008 | D:2      | Reached skill level 1 in Translocations
  1008 | D:2      | Reached skill level 1 in Transmutations
  1008 | D:2      | Reached skill level 1 in Fire Magic
  1008 | D:2      | Reached skill level 1 in Ice Magic
  1008 | D:2      | Reached skill level 1 in Air Magic
  1008 | D:2      | Reached skill level 1 in Earth Magic
  1008 | D:2      | Reached skill level 1 in Poison Magic
  1092 | D:2      | Found a sparkling altar of Nemelex Xobeh.
  1138 | D:2      | Found a blossoming altar of Fedhas.
  1401 | D:2      | Reached XP level 5. HP: 43/43 MP: 12/12
  1753 | D:3      | Noticed an ogre
  1763 | D:3      | Killed an ogre
  1763 | D:3      | Reached XP level 6. HP: 50/50 MP: 5/13
  1972 | D:3      | Found a hazy altar of Hepliaklqana.
  2616 | D:4      | Reached skill level 5 in Fighting
  2616 | D:4      | Reached skill level 5 in Polearms
  2616 | D:4      | Reached skill level 5 in Dodging
  3157 | D:4      | Reached XP level 7. HP: 45/56 MP: 11/15
  3220 | D:5      | Entered Level 5 of the Dungeon
  3528 | D:5      | Demolished by an ogre

Vault maps used:
D:1:      minmay_arrival_stair_chambers, minmay_misc_feat_doors
D:2:      fedhas_altar_4, nemelex_diamond_rough_becter, uniq_terence
D:3:      marbit_many_paths, first_ration, minmay_shallow_snake_nest
D:5:      bloody_makhleb, minmay_temple_entry_tees, gammafunk_ghost_smash,
          portal_sewer_entry_f

Skill      XL: |  1  2  3  4  5  6  7 |
---------------+----------------------+-----
Spellcasting   | 5 |  5.6
Invocations    | 1 2 |  2.6
Short Blades   | 1 2 |  2.4
Long Blades    | 1 2 |  2.4
Axes           | 1 2 |  2.4
Maces & Flails | 1 2 |  2.4
Staves         | 1 2 |  2.4
Slings         | 1 2 |  2.4
Bows           | 1 2 |  2.4
Crossbows      | 1 2 |  2.4
Throwing       | 1 2 |  2.4
Stealth        | 1 2 |  2.4
Shields        | 1 2 |  2.4
Unarmed Combat | 1 2 |  2.4
Evocations     | 1 2 |  2.4
Conjurations   | 1 2 |  2.0
Hexes          | 1 2 |  2.0
Summonings     | 1 2 |  2.0
Necromancy     | 1 2 |  2.0
Translocations | 1 2 |  2.0
Transmutations | 1 2 |  2.0
Fire Magic     | 1 2 |  2.0
Ice Magic      | 1 2 |  2.0
Air Magic      | 1 2 |  2.0
Earth Magic    | 1 2 |  2.0
Poison Magic   | 1 2 |  2.0
Armour         | 3 |  3.5
Fighting       | 5 |  5.2
Polearms       | 5 |  5.2
Dodging        | 5 |  5.2
Charms         | |  5.8

Action                   |  1- 3 |  4- 6 |  7- 9 || total
-------------------------+-------+-------+-------++-------
Melee: Spear             |   140 |   215 |    72 ||   427
       Bite              |     8 |    19 |     8 ||    35
       Punch             |       |       |     1 ||     1
 Cast: Infusion          |     2 |     2 |       ||     4
       Spectral Weapon   |       |    13 |     7 ||    20
       Regeneration      |       |     2 |     2 ||     4
       Shroud of Golubri |       |     2 |       ||     2
 Stab: Sleeping          |     3 |     2 |       ||     5
       Distracted        |       |     2 |       ||     2
  Eat: Chunk             |       |     8 |     2 ||    10
Armor: Leather armour    |    29 |    21 |    17 ||    67
Dodge: Dodged            |    85 |    73 |    58 ||   216

Table legend:
 A = Non-vault XP
 B = Vault XP
 C = Vault XP percentage of total XP
 D = Non-vault monster count
 E = Vault monster count
 F = Vault count percentage of total count
                 A         B        C        D         E       F
            +---------+---------+-------+---------+---------+-------
      Total |     777 |      73 |   8.6 |     103 |      13 |  11.2
            +---------+---------+-------+---------+---------+-------
        D:1 |      52 |       0 |   0.0 |      32 |       0 |   0.0
        D:2 |      86 |      38 |  30.6 |      31 |       1 |   3.1
        D:3 |     176 |      22 |  11.1 |      19 |       7 |  26.9
        D:4 |     282 |       0 |   0.0 |      15 |       0 |   0.0
        D:5 |     181 |      13 |   6.7 |       6 |       5 |  45.5
            +---------+---------+-------+---------+---------+-------
